 Seeded DCSS version 0.29-a0-1047-g7c58e119a4 (webtiles) character file.

Game seed: 4816018905276277780 (custom seed)

4953 flotson the Trooper (level 10, -11/79 HPs)
             Began as a Demonspawn Delver on Aug 16, 2022.
             Was an Initiate of Gozag.
             Mangled by Grum
             ... wielding a +0 vampiric spear
              (26 damage)
             ... on level 8 of the Dungeon.
             The game lasted 00:21:27 (11675 turns).

flotson the Trooper (Demonspawn Delver)            Turns: 11675, Time: 00:21:28

Health: -11/79     AC: 16    Str: 21    XL:     10   Next: 28%
Magic:  3/3        EV: 12    Int: 12    God:    Gozag
Gold:   1885       SH:  0    Dex: 14    Spells: 9/9 levels left

rFire   . . .      SeeInvis .   a - +6 war axe "Demonspawn's Regret" {antimagic, rElec rPois rC-}
rCold   x . .      Faith    .   (no shield)
rNeg    . . .      Spirit   .   F - +1 scale mail of the Pear {Fly rCorr Str+4}
rPois   +          Reflect  .   B - +1 helmet
rElec   +          Harm     .   o - +0 cloak
rCorr   +          Rampage  .   w - +0 pair of gloves
Will    .....                   (no boots)
Stlth   +.........              (no amulet)
HPRegen 0.23/turn               (no ring)
MPRegen 0.08/turn               (no ring)

@: flying
A: slimy green scales 2, demonic guardian 1, weakness stinger 2
a: Renounce Religion, Potion Petition, Call Merchant, Bribe Branch


You were on level 8 of the Dungeon.
You worshipped Gozag.
Gozag was most pleased with you.
You visited 1 branch of the dungeon, and saw 8 of its levels.
You also visited: Sewer.

You collected 1957 gold pieces.
You paid 72 gold pieces to Gozag.

Inventory:

Hand Weapons
 a - the +6 war axe "Demonspawn's Regret" (weapon) {antimagic, rElec rPois rC-}
   (You found it on level 6 of the Dungeon)

   It reduces the magical energy of the wielder, and disrupts the spells and
   magical abilities of those it strikes.
   Natural abilities and divine invocations are not affected.
   rC:        It makes you vulnerable to cold.
   rElec:     It insulates you from electricity.
   rPois:     It protects you from poison.
 b - the +10 dagger of Success {vorpal, rPois rC+ Dex+2}
   (You found it on level 4 of the Dungeon)

   It inflicts extra damage upon your enemies.
   Dex:       It affects your dexterity (+2).
   rC:        It protects you from cold.
   rPois:     It protects you from poison.
 c - a +0 long sword of flaming
Missiles
 d - 5 poisoned darts (quivered)
Armour
 o - a +0 cloak (worn)
 w - a +0 pair of gloves (worn)
 B - a +1 helmet (worn)
 F - the +1 scale mail of the Pear (worn) {Fly rCorr Str+4}
   (You found it on level 6 of the Dungeon)

   Str:       It affects your strength (+4).
   Fly:       It grants you flight.
   rCorr:     It protects you from acid and corrosion.
Jewellery
 k - a ring of wizardry
Wands
 g - a wand of digging (1)
 h - a wand of flame (71)
 I - a wand of roots (12)
 J - a wand of mindburst (11)
 L - a wand of charming (10)
Scrolls
 e - a scroll of immolation {unknown}
 j - 6 scrolls of identify {unknown}
 l - a scroll of torment {unknown}
 n - 3 scrolls of blinking
 q - a scroll of amnesia {unknown}
 r - 6 scrolls of teleportation {unknown}
 u - a scroll of poison {unknown}
 v - a scroll of acquirement {unknown}
 y - a scroll of vulnerability {unknown}
 z - 2 scrolls of butterflies {unknown}
 C - a scroll of enchant weapon {unknown}
 D - a scroll of fog
 E - 2 scrolls of noise {unknown}
Potions
 f - 2 potions of haste
 i - 2 potions of brilliance {unknown}
 m - 2 potions of heal wounds {unknown}
 p - 8 potions of curing
 s - a potion of berserk rage
 t - 2 potions of attraction {unknown}
 x - 2 potions of mutation {unknown}
 A - 2 potions of ambrosia {unknown}
 G - a potion of magic {unknown}
 H - a potion of flight {unknown}
 K - a potion of lignification {unknown}


   Skills:
 + Level 7.3 Fighting
 + Level 4.0 Axes
 + Level 5.5 Throwing
 + Level 5.8 Armour
 + Level 6.2 Dodging
 - Level 4.7 Stealth
 + Level 6.4 Evocations


You had 9 spell levels left.
You didn't know any spells.
Your spell library contained the following spells:

 Spells                   Type           Power      Damage    Failure   Level
 Stone Arrow              Conj/Erth      0%         3d7       94%         3
 Animate Armour           Summ/Erth      0%         N/A       100%        4
 Lehudib's Crystal Spear  Conj/Erth      0%         10d2      100%        8


Dungeon Overview and Level Annotations

Branches:
Dungeon (8/15)             Temple (0/1) D:6           Sewer (visited)
   Lair: D:8-11

Altars:
Gozag
Kikubaaqudgha
Makhleb
Uskayaw
Wu Jian

Annotations:
D:8 Grum


Innate Abilities, Weirdness & Mutations

You are mostly covered in slimy green scales. (AC +3)
A weak demonic guardian rushes to your aid.
You have a tail ending in a sharp stinger.


Message History

The wolf bites you but does no damage.
You closely miss the wolf.
The wolf is almost dead.
Grum hits you from afar with a +0 vampiric spear!!
A demonic guardian appears!
The wolf closely misses you. Grum misses you. The wolf misses you.
You are too injured to fight recklessly!
You are too injured to fight recklessly!
You are too injured to fight recklessly!
You are too injured to fight recklessly!
You are too injured to fight recklessly!
You are too injured to fight recklessly!
You are too injured to fight recklessly!
You are too injured to fight recklessly!
You are too injured to fight recklessly!
You are too injured to fight recklessly!
You swap places.
Your white imp barely misses Grum.
Grum hits your white imp with a +0 vampiric spear!!
Your white imp dies!
Your white imp disappears in a puff of smoke!
Unknown command.
Aiming: Mindburst
Press: ? - help, Shift-Dir - straight line, f - Grum
Aim: Grum, wielding a +0 vampiric spear and wearing a +0 animal skin (purple smoke, berserk, chance to affect: 89%) Grum's mind is blasted!!
Grum rages.
Aiming: Mindburst
Press: ? - help, Shift-Dir - straight line, f/p - Grum
Aim: Grum, wielding a +0 vampiric spear and wearing a +0 animal skin (moderately wounded, berserk, chance to affect: 89%) Grum's mind is blasted!
Grum hits you from afar with a +0 vampiric spear!
* * * LOW HITPOINT WARNING * * *
Grum draws strength from your wounds! Grum hits you but does no damage.
Aiming: Mindburst
Press: ? - help, Shift-Dir - straight line, f/p - Grum
Aim: Grum, wielding a +0 vampiric spear and wearing a +0 animal skin (heavily wounded, berserk, chance to affect: 89%) Grum's mind is blasted!!
Grum hits you from afar with a +0 vampiric spear!!
You die...
Your body crumbles into a pile of gold.

.####.....###.##.#.#
#.# #.# .####+###.#
#.##.#.# #.###.##
..........# #.##.#.#
#......#
...#......###.##.#.#
########
...#..........##.#.#
...#......######.#.#
..........# #.#.#
..........# #.#.#
..........# #@#.#
..........# #.#.#
..........# #g#.#
.....####.# #h#.#
.....## #.# #h#.#
......# #.# #.#.#
#####.# #.# #.#.#
#.###.# #.#.#
#..##.# #.#.#


You could see Grum (berserk) and 2 wolves.

Vanquished Creatures
  Pikel (D:8)
  Maggie (D:6)
  Grinder (D:6)
  9 yaks
  A steam dragon (D:7)
  2 ice beasts
  A black bear (D:6)
  An orc warrior (D:7)
  2 ogres (D:4)
  A sky beast (D:7)
  3 phantoms
  3 centaurs
  The ghost of Heh the Ducker, an amateur OpFi (D:4)
  A lemure (D:8)
  3 bullfrogs
  3 necrophages
  A scorpion (D:7)
  A wight (D:6)
  2 howler monkeys
  2 electric eels (D:7)
  A jelly (D:4)
  6 hounds
  3 orc priests
  A gnoll bouda (D:7)
  Jessica (D:3)
  Terence (D:3)
  An iguana (D:6)
  6 orc wizards
  Robin (D:3)
  5 gnolls
  8 adders
  2 shadow imps (D:6)
  A white imp (D:6)
  An ufetubus (D:6)
  A worm (D:3)
  2 dart slugs
  20 orcs
  10 endoplasms
  12 giant cockroaches
  14 goblins
  10 hobgoblins
  2 jackals (D:3)
  10 quokkas
  8 ball pythons
  4 bats (D:1)
  14 frilled lizards
  13 kobolds
  7 rats
205 creatures vanquished.

Vanquished Creatures (collateral kills)
  A jelly (D:6)
1 creature vanquished.

Vanquished Creatures (others)
  A gnoll (D:7)
  An orc (D:7)
  4 fungi (D:7)
6 creatures vanquished.

Grand Total: 212 creatures vanquished

Notes
Turn   | Place    | Note
-------+----------+-------------------------------------------
     0 | D:5      | flotson the Demonspawn Delver began the quest for the Orb.
     0 | D:5      | Reached XP level 1. HP: 18/18 MP: 1/1
   212 | D:5      | Noticed a hound
   232 | D:5      | Killed a hound
   233 | D:5      | Gained mutation: You have a small tail. [demonic ancestry]
   233 | D:5      | Reached XP level 2. HP: 21/24 MP: 2/2
   233 | D:5      | Gained mutation: You have a tail ending in a sharp stinger.
                  | [demonic ancestry]
   233 | D:5      | Reached XP level 3. HP: 25/29 MP: 3/3
   294 | D:5      | Noticed an ice beast
   349 | D:4      | Identified the +10 dagger of Success {vorpal, rPois rC+
                  | Dex+2}
   399 | D:4      | Found a transporter.
   399 | D:4      | Noticed Heh's ghost (amateur OpFi)
   399 | D:4      | Noticed an ogre
   400 | D:4      | Noticed an ogre
   414 | D:3      | Noticed Jessica
   423 | D:4      | Noticed a centaur
   624 | D:5      | Reached skill level 1 in Evocations
   624 | D:5      | Gained mutation: You are partially covered in slimy green
                  | scales. (AC +2) [demonic ancestry]
   624 | D:5      | Reached XP level 4. HP: 32/36 MP: 4/4
   712 | D:5      | Found a burning altar of Makhleb.
   740 | D:5      | Reached skill level 1 in Armour
   741 | D:5      | Noticed a phantom
   939 | D:5      | Found a hide-covered altar of Uskayaw.
   986 | D:5      | Reached XP level 5. HP: 39/42 MP: 5/5
  1055 | D:4      | Found an opulent altar of Gozag.
  1061 | D:4      | Became a worshipper of Gozag Ym Sagoz the Greedy
  1645 | D:1      | Reached skill level 4 in Fighting
  2188 | D:2      | Found a faded altar of an unknown god.
  2454 | D:2      | Found an ornate altar of the Wu Jian Council.
  2733 | D:3      | Noticed Robin
  2757 | D:3      | Killed Robin
  2798 | D:3      | Reached skill level 1 in Throwing
  2798 | D:3      | Reached XP level 6. HP: 32/48 MP: 6/6
  2953 | D:3      | Found an ancient bone altar of Kikubaaqudgha.
  3020 | D:3      | Noticed Terence
  3027 | D:3      | Killed Terence
  3034 | D:3      | Killed Jessica
  3698 | D:4      | Found a transporter.
  4018 | D:5      | Gained mutation: A weak demonic guardian rushes to your
                  | aid. [demonic ancestry]
  4018 | D:5      | Reached XP level 7. HP: 51/55 MP: 7/7
  4171 | D:6      | Reached skill level 5 in Fighting
  4192 | D:6      | Noticed Grinder
  4210 | D:6      | Found a glowing drain.
  4219 | Sewer    | Entered a sewer
  4685 | Sewer    | Reached XP level 8. HP: 56/62 MP: 8/8
  4957 | D:6      | Killed Grinder
  5048 | D:6      | Found a staircase to the Ecumenical Temple.
  5153 | D:6      | Noticed Maggie
  5175 | D:6      | Killed Maggie
  5389 | D:5      | Reached skill level 6 in Fighting
  5389 | D:5      | Reached skill level 5 in Dodging
  5548 | D:6      | Reached skill level 5 in Evocations
  5548 | D:6      | Reached XP level 9. HP: 58/69 MP: 9/9
  5851 | D:6      | Identified the +6 war axe "Demonspawn's Regret" {antimagic,
                  | rElec rPois rC-}
  5906 | D:6      | Identified the +1 scale mail of the Pear {Fly rCorr Str+4}
  6237 | D:4      | Killed Heh's ghost
  6519 | D:5      | Found a hide-covered altar of Uskayaw.
  6862 | D:5      | Found a burning altar of Makhleb.
  8013 | D:6      | Reached skill level 5 in Armour
  8223 | D:6      | Found a staircase to the Ecumenical Temple.
  8740 | D:6      | Found a staircase to the Ecumenical Temple.
  9331 | D:5      | Found a hide-covered altar of Uskayaw.
  9647 | D:5      | Found a burning altar of Makhleb.
 10128 | D:7      | Reached skill level 5 in Throwing
 10602 | D:7      | Reached skill level 7 in Fighting
 10782 | D:7      | Gained mutation: You are mostly covered in slimy green
                  | scales. (AC +3) [demonic ancestry]
 10782 | D:7      | Reached XP level 10. HP: 79/79 MP: 3/10
 11137 | D:8      | Noticed Pikel
 11143 | D:8      | Killed Pikel
 11664 | D:8      | Noticed Grum
 11675 | D:8      | Mangled by Grum

Illustrated notes

Levels and vault maps discovered:
D:1:      nzn_arrival_depleted_hourglass, layout_rooms
D:2:      layout_loops_corners, chequers_ecumenical_altar_simple_redux,
          basic_altar, minmay_misc_feat_rugged, st_stairs_5
D:3:      minmay_inner_zag, layout_rooms, kiku_gazebo_pond_becter, st_stairs_10,
          uniq_jessica, uniq_terence, uniq_robin
D:4:      layout_rooms, nicolae_gozag_cash_rules_everything_around_me,
          gammafunk_ghost_smash
D:5:      layout_loops_corners, old_standard_altar, nicolae_uskayaw_suspiria,
          kennysheep_generic_room_14
D:6:      minmay_skewed_foursquare, layout_cave_pools, gup_sewer_entry_bubbles,
          minivault_1, grunt_ministairs_8, uniq_maggie, uniq_grinder
D:7:      layout_cave_pools, kennysheep_mini, water_boxes_lemuel
D:8:      layout_basic, uniq_grum, uniq_amaemon, uniq_pikel

Skill      XL: |  1  2  3  4  5  6  7  8  9 10 |
---------------+-------------------------------+-----
Axes           | 2 3 4 |  4.0
Dodging        | 2 3 4 5 6 |  6.2
Evocations     | 1 2 3 5 6 |  6.4
Armour         | 1 2 3 4 5 |  5.8
Fighting       | 4 5 6 7 |  7.3
Throwing       | 1 2 4 5 |  5.5
Stealth        | |  4.7

Action                   |  1- 3 |  4- 6 |  7- 9 | 10-12 || total
-------------------------+-------+-------+-------+-------++-------
Melee: Hand axe          |     9 |       |       |       ||     9
       Dagger            |    12 |   156 |   170 |       ||   338
       Tailslap          |     1 |    13 |    45 |    12 ||    71
       Punch             |     1 |       |     6 |     1 ||     8
       War axe           |       |       |   109 |    49 ||   158
Throw: Dart              |       |       |    11 |       ||    11
Evoke: Wand              |       |       |     4 |     3 ||     7
  Use: Potion            |     1 |       |     3 |       ||     4
       Scroll            |       |     2 |     1 |       ||     3
 Stab: Sleeping          |     1 |    13 |     3 |       ||    17
       Distracted        |       |     3 |     2 |     1 ||     6
Armor: Ring mail         |     7 |    55 |    30 |       ||    92
       Scale mail        |       |       |   129 |    25 ||   154
Dodge: Dodged            |    10 |    85 |   198 |    28 ||   321

Table legend: (Time is in decaauts)
 A = Elapsed time spent in this place.
 B = Non-inter-level travel time spent in this place.
 C = Inter-level travel time spent in this place.
 D = Time resting spent in this place.
 E = Time spent auto-exploring this place.
 F = Levels seen in this place.
 G = Mean time per level.
                   A        B        C        D        E       F      G
               +--------+--------+--------+--------+--------+-----+--------+
         Total |  11787 |  11246 |    541 |    964 |   8319 |   9 | 1309.7 |
       Dungeon |  10978 |  10437 |    541 |    964 |   7722 |   8 | 1372.2 |
         Sewer |    808 |    808 |      0 |      0 |    596 |   1 |  808.0 |
               +--------+--------+--------+--------+--------+-----+--------+

Top non-repeatable levels by time:
     D:5: 3557 daAuts
     D:6: 3024 daAuts
     D:2: 995 daAuts
     D:7: 845 daAuts
   Sewer: 808 daAuts
     D:3: 752 daAuts
     D:4: 684 daAuts
     D:8: 579 daAuts
     D:1: 538 daAuts
